 Dungeon Crawl Stone Soup version 0.19.1 (webtiles) character file.

169876 Idleism the Crack Shot (level 17, -8/152 HPs)
             Began as a Centaur Hunter on Nov 27, 2016.
             Was the Champion of Ru.
             Mangled by a spriggan berserker
             ... wielding a +0 broad axe
              (20 damage)
             ... on level 4 of the Swamp on Dec 1, 2016.
             The game lasted 03:46:45 (46130 turns).

Idleism the Crack Shot (Centaur Hunter)            Turns: 46130, Time: 03:46:45

Health: -8/152     AC: 26    Str: 16    XL:     17   Next: 36%
Magic:  12/21      EV:  5    Int: 10    God:    Ru [******]
Gold:   1304       SH:  0    Dex: 27    Spells: 0 memorised, 22 levels left

rFire  + . .     SeeInvis +     a - +4 longbow (freeze)
rCold  + . .     Gourm    +     V - +0 chain mail "Firiggie" {rCorr Dex+4 Slay+2} (curse)
rNeg   . . .     Faith    .     (shield currently unavailable)
rPois  +         Spirit   .     Z - +0 helmet
rElec  +         Reflect  .     p - +0 cloak
rCorr  +         Harm     .     m - +2 pair of gloves
MR     +....                    t - +2 centaur barding
Stlth  ..........               O - amulet of the gourmand
                                s - ring "Nosen" {*Drain rElec rPois rC+ Dex+7}
                                r - ring "Qasix" {+Fly rF+ SInv}

@: exhausted, no potions, no scrolls, drained, very quick
A: hooves 3, repulsion field 1, deformed body, speed 2, poison resistance, tough
skin 3, inability to drink while threatened, inability to read while threatened,
no stealth, hated by all, inability to train dodging, no conjurations magic, no
necromancy magic, no poison magic
a: Draw Out Power, Power Leap, Apocalypse, Renounce Religion, Evoke Flight


You were on level 4 of the Swamp.
You worshipped Ru.
Ru was exalted by your worship.
You were very full.

You visited 6 branches of the dungeon, and saw 30 of its levels.
You also visited: Sewer.

You collected 2878 gold pieces.
You spent 1574 gold pieces at shops.

Inventory:

Hand Weapons
 a - a +4 longbow of freezing (weapon)
 b - the +6 hand axe of Pubre {drain, Str-4 Int+9}
   (You found it on level 4 of the Dungeon)

   A truly terrible weapon, it drains the life of those it strikes.
   It affects your strength (-4).
   It affects your intelligence (+9).
 q - a +4 scimitar of flaming
Missiles
 d - 401 arrows (quivered)
Armour
 m - a +2 pair of gloves (worn)
 p - a +0 cloak (worn)
 t - a +2 centaur barding (worn)
 A - +0 swamp dragon scales
 R - a +1 plate armour of cold resistance
 V - the cursed +0 chain mail "Firiggie" (worn) {rCorr Dex+4 Slay+2}
   (You found it on level 9 of the Dungeon)

   It affects your dexterity (+4).
   It affects your accuracy and damage with ranged weapons and melee attacks
   (+2).
   It protects you from acid and corrosion.
   It has a curse placed upon it.
 Z - a +0 helmet (worn)
Jewellery
 r - the ring "Qasix" (left hand) {+Fly rF+ SInv}
   (You found it on level 5 of the Lair of Beasts)

   [ring of flight]

   It protects you from fire.
   It lets you see invisible.
   It lets you fly.
 s - the ring "Nosen" (right hand) {*Drain rElec rPois rC+ Dex+7}
   (You bought it in a shop on level 8 of the Dungeon)

   [ring of protection from cold]

   It affects your dexterity (+7).
   It protects you from cold.
   It insulates you from electricity.
   It protects you from poison.
   It causes draining when unequipped.
 u - an uncursed amulet of guardian spirit
 O - an amulet of the gourmand (around neck)
 P - an uncursed ring of wizardry
 U - an uncursed ring of resist corrosion
 W - a +4 ring of intelligence
Wands
 j - a wand of lightning (5/15)
 k - a wand of heal wounds (0/9)
 l - a wand of iceblast (5/15)
 y - a wand of confusion (16/48)
 N - a wand of disintegration (13/24)
 T - a wand of polymorph (9/24)
 Y - a wand of acid (8/15)
Scrolls
 o - 3 scrolls of enchant armour
 w - 6 scrolls of magic mapping
 z - 5 scrolls of fog
 D - a scroll of amnesia
 G - 9 scrolls of blinking
 H - 4 scrolls of fear
 I - 9 scrolls of identify
 J - 4 scrolls of remove curse
 S - a scroll of brand weapon
 X - 6 scrolls of teleportation
Potions
 e - 3 potions of cure mutation
 g - 11 potions of curing
 h - 6 potions of brilliance
 n - 2 potions of heal wounds
 E - 3 potions of flight
 F - 3 potions of magic
 M - 3 potions of resistance
 Q - a potion of might
Books
 K - a book of Minor Magic

   Spells                             Type                      Level
   a - Magic Dart                     Conjuration                  1
   b - Blink                          Translocation                2
   c - Call Imp                       Summoning                    2
   d - Repel Missiles                 Charms/Air                   2
   e - Slow                           Hexes                        2
   f - Conjure Flame                  Conjuration/Fire             3
   g - Mephitic Cloud                 Conjuration/Poison/Air       3
Comestibles
 f - 13 bread rations
 i - a beef jerky
 v - 12 meat rations
 x - 10 slices of pizza
 B - 2 royal jellies
 L - 29 fruits


   Skills:
 - Level 14.2(12.8) Fighting
 - Level 8.3(7.1) Axes
 - Level 24.4(22.8) Bows
 + Level 13.1(11.8) Armour
 - Level 3.0(2.0) Spellcasting


You had 22 spell levels left.
You didn't know any spells.

Dungeon Overview and Level Annotations

Branches:
Dungeon (15/15)            Temple (1/1) D:5            Lair (6/6) D:11
  Swamp (4/4) Lair:2       Spider (0/4) Lair:3        Slime (0/5) Lair:5
    Orc (2/2) D:12            Elf (2/3) Orc:2        Depths (0/5) D:15
 Vaults: D:13-14

Altars:
Ashenzari
Cheibriados
Dithmenos
Elyvilon
Fedhas
Gozag
Hepliaklqana
Kikubaaqudgha
Makhleb
Nemelex Xobeh
Okawaru
Qazlal
Ru
Sif Muna
Trog
Uskayaw
Vehumet
Xom
Yredelemnul
Zin
The Shining One

Shops:
D:6 %   D:8 =(:}%   D:9 }   Orc:2 ?[?*

Annotations:
Lair:6 ghost!, exclusions: player ghost and 1 more exclusion, joejoepie's ghost, adept FoFi


Innate Abilities, Weirdness & Mutations

You have hooves in place of feet.
Armour fits poorly on your strangely shaped body.
You cover ground very quickly.
You have extremely tough skin. (AC +3)
You cannot drink potions while threatened.
You cannot read scrolls while threatened.
You cannot be stealthy.
You are hated by all.
You cannot train Dodging skill.
You cannot study or cast Conjurations magic.
You cannot study or cast Necromancy magic.
You cannot study or cast Poison magic.
You are surrounded by a mild repulsion field. (EV +2)
Your system is resistant to poisons. (rPois)


Message History

Aim: a spriggan berserker, wielding a broad axe and wearing an animal skin (almost dead, berserk, fast, unusually strong, regenerating, resistant to hostile enchantments)
You shoot an arrow. The arrow hits the spriggan berserker.
The arrow freezes the spriggan berserker.
The spriggan berserker is almost dead.
The spriggan berserker barely misses you.
Firing (i - inventory):
d - 403 arrows (quivered)
Press: ? - help, Shift-Dir - straight line, f/p - spriggan berserker
Aim: a spriggan berserker, wielding a broad axe and wearing an animal skin (almost dead, berserk, fast, unusually strong, regenerating, resistant to hostile enchantments)
You shoot an arrow.
The arrow completely misses the spriggan berserker.
The spriggan berserker hits you with a broad axe!
* * * LOW HITPOINT WARNING * * *
You focus your will and slow the spriggan berserker in retribution!
Firing (i - inventory):
d - 402 arrows (quivered)
Press: ? - help, Shift-Dir - straight line, f/p - spriggan berserker
Aim: a spriggan berserker, wielding a broad axe and wearing an animal skin (almost dead, berserk, fast+slow, unusually strong, regenerating, resistant to hostile enchantments)
You shoot an arrow.
The arrow misses the spriggan berserker.
The spriggan berserker hits you with a broad axe!!
You die...

♣♣♣♣♣)≈≈....♣
♣♣≈≈.....[≈...
♣♣≈≈≈.♣♣§..†≈≈.
♣.≈≈≈.≈...≈≈≈≈♣
♣≈≈≈≈≈≈.≈≈§≈≈≈.
♣♣≈≈§.≈≈≈.≈≈≈≈.
♣.≈≈.....≈≈≈≈≈.
♣♣♣♣)≈≈..≈≈.≈≈≈...
♣@i(..≈(♣♣♣♣≈≈≈≈≈≈
♣♣†≈≈≈≈♣♣ ♣≈.≈÷§≈
♣♣..≈≈≈≈♣♣♣ ♣♣≈.≈≈.
♣≈≈...≈≈≈.♣ ♣♣♣..≈
♣♣..♣♣.≈≈≈♣♣♣♣♣♣♣..
♣♣♣♣.≈≈≈≈.≈≈≈≈.♣♣♣
♣.≈≈.≈§.≈≈≈.♣
♣♣♣♣..≈..≈.≈.♣♣
♣≈.≈♣♣♣♣♣♣♣♣♣♣


You could see a spriggan berserker (berserk).

Vanquished Creatures
  Bai Suzhen (Swamp:4)
  Agnes (D:14)
  Gastronok (Lair:1)
  A very ugly thing (Swamp:4)
  2 entropy weavers (Lair:4)
  Nessos (D:15)
  Snorg (D:12)
  A deep elf death mage (Elf:1)
  Josephine (Swamp:1)
  2 ogre magi
  A vault guard (D:13)
  Harold (Orc:1)
  A ghost crab (Swamp:1)
  An ice dragon (Lair:6)
  A catoblepas (D:15)
  2 centaur warriors
  Erica (Lair:1)
  18 hydras
  6 alligators
  8 dancing weapons
  6 death yaks
  A tengu warrior (D:14)
  A queen ant (Lair:4)
  An orc high priest (Orc:2)
  Sonja (Lair:2)
  A spriggan berserker (Swamp:4)
  Nergalle (Lair:3)
  5 deep elf knights
  2 wizards (D:13)
  An unseen horror (D:15)
  3 skeletal warriors (D:15)
  4 shambling mangroves
  10 swamp dragons
  11 deep elf archers
  2 lindwurms
  5 hill giants
  A shining eye (shapeshifter) (D:15)
  5 orc sorcerers (Orc:2)
  A wolf spider (D:15)
  38 deep elf magi
  17 ugly things
  2 cyclopes (D:14)
  2 orc knights
  3 oklob plants (Lair:1)
  2 manticores
  5 centaur zombies
  12 elephants
  5 black mambas
  A naga mage (D:13)
  A black mamba (shapeshifter) (Elf:1)
  7 torpor snails
  13 spiny frogs
  2 rime drakes (Lair:6)
  A yaktaur (D:13)
  2 ice devils (D:15)
  8 komodo dragons
  2 tengu conjurers (D:14)
  A harpy zombie (D:14)
  11 trolls
  10 tyrant leeches
  2 polar bears
  19 hornets
  5 bog bodies
  6 two-headed ogres
  21 slime creatures
  9 blink frogs
  14 hippogriffs
  6 dream sheep (Lair:3)
  8 spriggans
  Sigmund (D:6)
  A shadow (D:15)
  4 wyverns
  2 vampires (D:13)
  30 yaks
  Eustachio (D:5)
  6 wraiths
  8 humans (D:13)
  3 basilisks
  2 hungry ghosts
  A steam dragon (D:10)
  24 vampire mosquitoes
  2 mottled dragons
  Menkaure (D:7)
  5 wargs
  3 soldier ants (Lair:4)
  18 swamp worms
  2 hell hounds (Lair:4)
  7 water moccasins
  Duvessa (D:6)
  9 porcupines
  2 ice beasts
  6 swamp drakes
  25 orc warriors
  A black bear (shapeshifter) (D:15)
  15 ogres
  2 black bears
  3 phantoms
  6 sky beasts
  3 necrophages (D:7)
  An eye of draining (D:12)
  26 wolves
  8 centaurs
  3 boggarts (D:15)
  9 crocodiles
  22 bullfrogs
  3 big kobolds
  A gnoll sergeant (D:6)
  An earth elemental (Elf:2)
  2 wyvern zombies
  Dowan (D:6)
  2 wyvern skeletons
  A scorpion (D:7)
  7 wights
  4 killer bees (D:9)
  An electric eel (Lair:6)
  4 howler monkeys
  6 crimson imps
  10 hounds
  4 bullfrog zombies
  4 centaur skeletons
  22 orc priests
  18 jellies
  36 orc wizards
  Natasha (thrice) (D:4)
  2 bullfrog skeletons
  15 worker ants
  A hound zombie (D:5)
  A hound skeleton (D:8)
  17 adders
  11 gnolls
  2 howler monkey skeletons
  2 river rats (Sewer)
  3 shadow imps
  An adder skeleton (D:10)
  6 worms
  6 dart slugs
  6 leopard geckos
  63 orcs
  A ball python (shapeshifter) (D:15)
  3 giant cockroaches
  5 goblins
  12 hobgoblins
  8 jackals
  6 quokkas
  8 ball pythons
  10 bats
  5 frilled lizards
  23 kobolds
  12 rats
  A bush (Lair:1)
  6 fungi
  6 plants
984 creatures vanquished.

Vanquished Creatures (others)
  Rupert (Lair:3)
  A hydra (Lair:1)
  A dancing weapon (Elf:1)
  A death yak (Lair:4)
  A deep elf archer (Elf:1)
  An ugly thing (D:15)
  A spiny frog (Lair:1)
  A tyrant leech (Swamp:4)
  A centaur simulacrum (D:15)
  2 yaks
  3 humans (D:13)
  A vampire mosquito (Swamp:1)
  A swamp worm (Swamp:3)
  A centaur (D:14)
  A crocodile (Lair:4)
  An orc wizard (Orc:2)
  An orc (Orc:2)
  A bush (Lair:1)
  18 fungi
  35 plants
74 creatures vanquished.

Grand Total: 1058 creatures vanquished

Notes
Turn   | Place    | Note
-------+----------+-------------------------------------------
     0 | D:1      | Idleism the Centaur Hunter began the quest for the Orb.
     0 | D:1      | Reached XP level 1. HP: 17/17 MP: 1/1
   213 | D:1      | Reached XP level 2. HP: 23/24 MP: 2/2
   236 | D:1      | Reached skill level 6 in Bows
  1337 | D:2      | Reached XP level 3. HP: 26/30 MP: 3/3
  1366 | D:2      | Found an opulent altar of Gozag.
  1887 | D:2      | Found a shadowy altar of Dithmenos.
  1929 | D:2      | Reached XP level 4. HP: 37/38 MP: 4/4
  2258 | D:3      | Reached skill level 7 in Bows
  2918 | D:3      | Found a glowing golden altar of the Shining One.
  3011 | D:3      | Found a basalt altar of Yredelemnul.
  3064 | D:3      | Reached XP level 5. HP: 39/45 MP: 5/5
  3200 | D:3      | Found an ancient bone altar of Kikubaaqudgha.
  3347 | D:4      | Noticed a phantom
  3390 | D:4      | Killed a phantom
  3390 | D:4      | Reached skill level 8 in Bows
  3646 | D:4      | Noticed an ogre
  3661 | D:4      | Killed an ogre
  3661 | D:4      | Reached XP level 6. HP: 51/51 MP: 6/6
  3736 | D:4      | Got a slimy hand axe
  3779 | D:4      | Identified the +6 hand axe of Pubre {drain, Str-4 Int+9} (You found it on level 4 of the Dungeon)
  3870 | D:4      | Noticed Natasha
  3873 | D:4      | Killed Natasha
  4073 | D:4      | Found a radiant altar of Vehumet.
  4087 | D:4      | Reached XP level 7. HP: 42/57 MP: 7/7
  4102 | D:4      | Noticed Natasha
  4118 | D:4      | Killed Natasha
  4213 | D:4      | Noticed Natasha
  4223 | D:4      | Killed Natasha
  4306 | D:5      | Entered Level 5 of the Dungeon
  4306 | D:5      | Noticed Eustachio
  4323 | D:5      | Killed Eustachio
  4355 | D:5      | Reached skill level 9 in Bows
  4488 | D:5      | Found a glowing drain.
  4503 | Sewer    | Entered a sewer
  4859 | Sewer    | Reached XP level 8. HP: 65/67 MP: 8/8
  5037 | D:5      | Found a staircase to the Ecumenical Temple.
  5040 | Temple   | Entered the Ecumenical Temple
  5109 | Temple   | Became a worshipper of Ru the Awakened
  5302 | Temple   | Gained mutation: Your system is resistant to poisons. (rPois) [potion of beneficial mutation]
  5303 | Temple   | Gained mutation: You are surrounded by a mild repulsion field. (EV +2) [potion of beneficial mutation]
  5317 | D:5      | Reached skill level 5 in Fighting
  5963 | D:6      | Found Otimic Baint's Food Shoppe.
  6326 | D:6      | Noticed Sigmund
  6335 | D:6      | Killed Sigmund
  6424 | D:6      | Found a bloodstained altar of Trog.
  6471 | D:6      | Noticed Duvessa
  6471 | D:6      | Noticed Dowan
  6486 | D:6      | Killed Duvessa
  6500 | D:6      | Killed Dowan
  6529 | D:6      | Found a blossoming altar of Fedhas.
  6555 | D:6      | Reached XP level 9. HP: 68/82 MP: 9/9
  6681 | D:6      | Gained mutation: You cannot drink potions while threatened. [Ru sacrifice]
  6681 | D:6      | Reached * piety under Ru
  6811 | D:7      | Found a sacrificial altar of Ru.
  6891 | D:7      | Found a shattered altar of Ashenzari.
  7035 | D:7      | Found a hazy altar of Hepliaklqana.
  7658 | D:7      | Reached skill level 5 in Armour
  7688 | D:7      | Noticed Menkaure
  7697 | D:7      | Killed Menkaure
  8538 | D:8      | Found Kiatodoi's Jewellery Boutique.
  8550 | D:8      | Reached XP level 10. HP: 90/90 MP: 10/10
  8590 | D:8      | Found Cumulote's Weapon Boutique.
  8643 | D:8      | Reached skill level 5 in Axes
  8921 | D:8      | Got an iridescent long sword
  8989 | D:8      | Found Laar's Book Boutique.
  9052 | D:8      | Found a burning altar of Makhleb.
  9328 | D:8      | Found Obriblig's Gadget Boutique.
  9356 | D:8      | Found Vuiceel's Food Emporium.
  9659 | D:9      | Gained mutation: You cannot train Dodging skill. [Ru sacrifice]
  9659 | D:9      | Reached ** piety under Ru
  9659 | D:9      | Reached *** piety under Ru
  9720 | D:9      | Found Nuegh's Gadget Shoppe.
  9788 | D:9      | Found a snail-covered altar of Cheibriados.
  9903 | D:9      | Got an ichor-stained chain mail
 10332 | D:10     | Entered Level 10 of the Dungeon
 10647 | D:10     | Reached skill level 10 in Bows
 10710 | D:10     | Noticed an ogre mage
 10725 | D:10     | Killed an ogre mage
 10725 | D:10     | Reached skill level 11 in Bows
 10907 | D:10     | Noticed a hill giant
 10927 | D:10     | Killed a hill giant
 10927 | D:10     | Reached skill level 12 in Bows
 11042 | D:10     | Noticed a hill giant
 11092 | D:10     | Killed a hill giant
 11478 | D:11     | Reached skill level 13 in Bows
 11555 | D:11     | Reached XP level 11. HP: 74/96 MP: 11/11
 11717 | D:11     | Gained mutation: You are hated by all. [Ru sacrifice]
 11964 | D:11     | Found a staircase to the Lair.
 12020 | D:11     | Got a steaming leather armour
 12287 | Lair:1   | Entered Level 1 of the Lair of Beasts
 12287 | Lair:1   | Noticed Gastronok
 12299 | D:11     | Reached skill level 14 in Bows
 12609 | Lair:1   | Killed Gastronok
 12609 | Lair:1   | Reached skill level 15 in Bows
 12966 | Lair:1   | Identified the +4 long sword of Nookhu {slice, Stlth+} (You found it on level 8 of the Dungeon)
 13070 | Lair:1   | Noticed a five-headed hydra
 13090 | Lair:1   | Killed a three-headed hydra
 13090 | Lair:1   | Reached skill level 10 in Fighting
 13303 | Lair:1   | Noticed Erica
 13315 | Lair:1   | Killed Erica
 13326 | Lair:1   | Noticed a four-headed hydra
 13339 | Lair:1   | Killed a three-headed hydra
 13496 | Lair:1   | Noticed an eight-headed hydra
 13560 | Lair:1   | Killed an eight-headed hydra
 13649 | Lair:1   | Identified the +3 leather armour of Fanaticism {rPois Str+4 Slay-6} (You found it on level 11 of the Dungeon)
 13660 | Lair:1   | Identified the cursed +0 chain mail "Firiggie" {rCorr Dex+4 Slay+2} (You found it on level 9 of the Dungeon)
 13715 | Lair:1   | Noticed a four-headed hydra
 13726 | Lair:1   | Killed a three-headed hydra
 13726 | Lair:1   | Reached XP level 12. HP: 112/112 MP: 12/12
 14711 | Lair:2   | Noticed a six-headed hydra
 14731 | Lair:2   | Killed a four-headed hydra
 15098 | Lair:2   | Gained mutation: You cannot study or cast Poison magic. [Ru sacrifice]
 15098 | Lair:2   | Gained mutation: You cannot study or cast Necromancy magic. [Ru sacrifice]
 15098 | Lair:2   | Gained mutation: You cannot study or cast Conjurations magic. [Ru sacrifice]
 15098 | Lair:2   | Reached **** piety under Ru
 15098 | Lair:2   | Reached ***** piety under Ru
 15457 | Lair:2   | Noticed Sonja
 15469 | Lair:2   | Killed Sonja
 15509 | Lair:2   | Found a staircase to the Swamp.
 16588 | Lair:3   | Reached skill level 16 in Bows
 16625 | Lair:3   | Noticed Nergalle
 17168 | Lair:3   | Found a hole to the Spider Nest.
 17369 | Lair:3   | Killed Nergalle
 17369 | Lair:3   | Reached XP level 13. HP: 115/124 MP: 13/13
 17609 | Lair:3   | Noticed Rupert
 17615 | Lair:3   | Paralysed by Rupert for 3 turns
 18236 | Lair:3   | Paralysed by Rupert for 6 turns
 18274 | Lair:3   | Killed Rupert
 18274 | Lair:3   | Reached skill level 17 in Bows
 19306 | Lair:3   | Gained mutation: You cannot be stealthy. [Ru sacrifice]
 19975 | Lair:4   | Found a dark tunnel.
 20573 | Lair:4   | Noticed an entropy weaver
 20781 | D:12     | Reached skill level 18 in Bows
 21378 | D:12     | You fall through a shaft!
 21922 | D:13     | Gained mutation: You cannot read scrolls while threatened. [Ru sacrifice]
 21922 | D:13     | Reached ****** piety under Ru
 21933 | D:13     | Reached skill level 19 in Bows
 22411 | D:12     | Found a staircase to the Orcish Mines.
 22589 | D:8      | Bought the ring "Nosen" {*Drain rElec rPois rC+ Dex+7} for 732 gold pieces
 22913 | Lair:4   | Killed an entropy weaver
 22913 | Lair:4   | Reached XP level 14. HP: 32/132 MP: 14/14
 23270 | Lair:4   | Noticed an entropy weaver
 23516 | Lair:4   | Killed an entropy weaver
 24166 | Lair:5   | Got a smoking turquoise ring
 24174 | Lair:5   | Identified the ring "Qasix" {+Fly rF+ SInv} (You found it on level 5 of the Lair of Beasts)
 24506 | Lair:5   | Found a staircase to the Slime Pits.
 25706 | Lair:6   | Entered Level 6 of the Lair of Beasts
 25753 | Lair:6   | Reached skill level 20 in Bows
 25830 | Lair:6   | Found a white marble altar of Elyvilon.
 25950 | Lair:6   | Noticed joejoepie's ghost (adept FoFi)
 26038 | Lair:6   | Found a runed door.
 26567 | Lair:6   | Paralysed by a hornet for 3 turns
 26724 | Lair:6   | Paralysed by a hornet for 1 turns
 27558 | Orc:1    | Entered Level 1 of the Orcish Mines
 27561 | Orc:1    | Noticed Snorg
 27592 | D:12     | Killed Snorg
 27592 | D:12     | Reached skill level 21 in Bows
 28929 | Orc:1    | Noticed Harold
 28966 | Orc:1    | Killed Harold
 28986 | Orc:1    | Identified Momif's Disquisition on Black Rites and Transformation
 29258 | Orc:2    | Entered Level 2 of the Orcish Mines
 30138 | Orc:2    | Reached XP level 15. HP: 125/138 MP: 15/15
 30269 | Orc:2    | Reached skill level 22 in Bows
 30352 | Orc:2    | Found a staircase to the Elven Halls.
 30774 | Orc:2    | Found Vyof's Armour Shoppe.
 30776 | Orc:2    | Found Ewuret's Magic Scroll Shoppe.
 30777 | Orc:2    | Found Fuerin's Magic Scroll Emporium.
 30781 | Orc:2    | Found Ilichen's Assorted Antiques.
 30941 | Elf:1    | Entered Level 1 of the Elven Halls
 33045 | Elf:1    | Reached skill level 23 in Bows
 33303 | Elf:1    | Found a deep blue altar of Sif Muna.
 36032 | Elf:2    | Reached skill level 10 in Armour
 36336 | Orc:2    | Bought a scroll of brand weapon for 580 gold pieces
 36343 | Orc:2    | Bought a scroll of enchant weapon for 90 gold pieces
 36343 | Orc:2    | Bought a scroll of blinking for 90 gold pieces
 36360 | Orc:2    | Bought a scroll of enchant armour for 82 gold pieces
 36927 | D:14     | Reached XP level 16. HP: 145/146 MP: 16/16
 37183 | D:14     | Got a smoking ring mail
 37185 | D:14     | Identified the +5 ring mail of the Buccaneer {*Corrode rF+++ Int+4 SInv} (You found it on level 14 of the Dungeon)
 37358 | D:14     | Noticed Agnes
 37377 | D:14     | Killed Agnes
 38372 | D:15     | Entered Level 15 of the Dungeon
 38380 | D:15     | Noticed Nessos
 38388 | D:15     | Killed Nessos
 39572 | D:15     | Found a staircase to the Depths.
 40317 | Swamp:1  | Entered Level 1 of the Swamp
 41160 | Swamp:1  | Reached skill level 24 in Bows
 41524 | Swamp:1  | Noticed Josephine
 41533 | Swamp:1  | Killed Josephine
 43524 | Swamp:2  | Found a white marble altar of Elyvilon.
 43610 | Swamp:2  | Reached skill level 1 in Spellcasting
 43823 | Swamp:2  | Reached XP level 17. HP: 123/152 MP: 20/20
 44815 | Swamp:4  | Entered Level 4 of the Swamp
 44815 | Swamp:4  | Noticed Bai Suzhen
 45964 | Swamp:4  | Killed Bai Suzhen
 46107 | Swamp:4  | HP: 7/152 [death yak[a spriggan berserker] (15)]
 46130 | Swamp:4  | Mangled by a spriggan berserker

Skill      XL: |  1  2  3  4  5  6  7  8  9 10 11 12 13 14 15 16 17 |
---------------+----------------------------------------------------+-----
Bows           | 6 7 8 9 13 15 16 19 21 23 24 | 24.4
Fighting       | 3 4 8 9 11 14 | 14.2
Armour         | 2 3 6 7 8 10 12 13 | 13.1
Axes           | 2 4 5 6 8 |  8.3
Dodging        | 0 |  0.0
Spellcasting   | 2 3 |  3.0

Action                   |  1- 3 |  4- 6 |  7- 9 | 10-12 | 13-15 | 16-18 || total
-------------------------+-------+-------+-------+-------+-------+-------++-------
Melee: Short sword       |   144 |    50 |       |       |       |       ||   194
       Kick              |    15 |    15 |    40 |   190 |   627 |   256 ||  1143
       Hand axe          |       |    14 |   207 |   539 |  1390 |   497 ||  2647
       Scythe            |       |       |       |     7 |       |       ||     7
       Scimitar          |       |       |       |     5 |     8 |    20 ||    33
 Fire: Shortbow          |    42 |   118 |   283 |   391 |   586 |       ||  1420
       Longbow           |       |       |       |       |   175 |   628 ||   803
Throw: Stone             |       |     1 |       |       |       |       ||     1
Invok: Sacrifice Drink   |       |       |     1 |       |       |       ||     1
       Sacrifice Nimblen |       |       |       |     1 |       |       ||     1
       Sacrifice Love    |       |       |       |     1 |       |       ||     1
       Sacrifice Arcana  |       |       |       |     1 |       |       ||     1
       Sacrifice Words   |       |       |       |       |     1 |       ||     1
       Sacrifice Stealth |       |       |       |       |     1 |       ||     1
       Apocalypse        |       |       |       |       |     1 |     2 ||     3
       Power Leap        |       |       |       |       |       |     1 ||     1
 Abil: Evoke Flight      |       |       |       |       |     1 |       ||     1
Evoke: Wand              |       |       |       |     3 |    11 |    12 ||    26
  Use: Scroll            |       |     1 |    12 |    11 |    12 |     6 ||    42
       Potion            |       |       |     7 |     4 |     3 |     4 ||    18
 Stab: Distracted        |       |       |       |     3 |     5 |     1 ||     9
       Invisible         |       |       |       |     2 |    33 |    16 ||    51
       Paralysed         |       |       |       |       |    44 |    14 ||    58
  Eat: Chunk             |     3 |     5 |    21 |    22 |    50 |    35 ||   136
Armor: Leather armour    |    95 |    31 |    61 |       |       |       ||   187
       Chain mail        |       |       |    65 |   487 |  1010 |   482 ||  2044
Dodge: Dodged            |    96 |    30 |    64 |   139 |   248 |   109 ||   686
